 Dungeon Crawl Stone Soup version 0.31.0-9-g3a7656b989 (webtiles) character file.

Game seed: 7126485265231357081

63 qw the Shooter (level 3, -4/18 HPs)
             Began as a Spriggan Hunter on Feb 2, 2024.
             Slain by Sigmund
             ... wielding a +0 scythe
              (11 damage)
             ... on level 2 of the Dungeon.
             The game lasted 00:00:04 (1244 turns).

qw the Shooter (Spriggan Hunter)                    Turns: 1244, Time: 00:00:04

Health: -4/18      AC:  2    Str:  7    XL:     3   Next: 87%
Magic:  4/4        EV: 19    Int: 10    God:
Gold:   56         SH:  0    Dex: 20    Spells: 2/2 levels left

rFire   . . .        a - +0 shortbow
rCold   . . .        (shield currently unavailable)
rNeg    . . .        c - +0 robe
rPois   .            (helmet restricted)
rElec   .            (no cloak)
rCorr   .            (gloves unavailable)
SInv    +            (boots unavailable)
Will    .....        (no amulet)
Stlth   ++           (no ring)
HPRegen 0.23/turn    (no ring)
MPRegen 0.09/turn

%: no passive effects
@: hasted, very quick
A: very small, no large weapons, unfitting armour, see invisible, speed 3
a: no special abilities


You were on level 2 of the Dungeon.
You visited 1 branch of the dungeon, and saw 2 of its levels.

You collected 56 gold pieces.


Innate Abilities, Weirdness & Mutations

You are very small and have problems with some larger weapons.
You are too small for most types of armour.
You have supernaturally acute eyesight. (SInv)
You cover ground extremely quickly. (Speed+++)


   Skills:
 - Level 1.5 Fighting
 - Level 5.0 Ranged Weapons
 + Level 4.1 Dodging
 - Level 1.5 Stealth


You had 2 spell levels left.
You didn't know any spells.
Your spell library was empty.

Inventory:

Hand Weapons
 a - a +0 shortbow (weapon)
Armour
 c - a +0 robe (worn)
Jewellery
 d - a ring of flight
 g - a ring of protection from fire
Scrolls
 b - 3 scrolls of identify
 h - a scroll of vulnerability {unknown}
Potions
 f - a potion of curing {unknown}
 i - a potion of enlightenment {unknown}
 j - a potion of attraction {unknown}

Dungeon Overview and Level Annotations

Branches:
Dungeon (2/15)

Altars:

Annotations:
D:2 Sigmund


Message History

You shoot an arrow. The arrow completely misses Sigmund.
Sigmund closely misses you.
You shoot an arrow. The arrow barely misses Sigmund.
Sigmund closely misses you.
You shoot an arrow. The arrow hits Sigmund.
Sigmund is heavily wounded.
You shoot an arrow. The arrow closely misses Sigmund.
Sigmund closely misses you.
You shoot an arrow. The arrow hits the ribbon worm!
The ribbon worm is heavily wounded.
You shoot an arrow. The arrow hits the ribbon worm.
The ribbon worm is heavily wounded.
The ribbon worm barely misses you.
You shoot an arrow.
The arrow barely misses the ribbon worm.
The arrow hits Sigmund.
Sigmund is heavily wounded.
Sigmund misses you.
You shoot an arrow.
The arrow barely misses the ribbon worm.
The arrow hits Sigmund!
Sigmund is almost dead.
The ribbon worm completely misses you.
You shoot an arrow. The arrow hits the ribbon worm.
The ribbon worm is severely wounded.
Sigmund hits you from afar with a +0 scythe.
You shoot an arrow. The arrow hits the ribbon worm.
The ribbon worm is almost dead.
The ribbon worm bites you.
Sigmund hits you from afar with a +0 scythe.
You shoot an arrow. The arrow hits the ribbon worm!
You kill the ribbon worm!
You shoot an arrow. The arrow barely misses the endoplasm.
The arrow completely misses Sigmund.
The endoplasm freezes you.
You are frozen.
Sigmund hits you from afar with a +0 scythe!
Ouch! That really hurt!
You die...
Sigmund begins carving another notch in his scythe.

###.......# #........
#..###########.######
#.##..............:..
#.##..##...#....####.
#.##.###...#....#
#.##.###..##....#
#.##.)%...###.....
#.##.....## #...#..
#.##@..### #...#...
#.##J### ##..# ..
#..#@. ####... #..).
#..... #[###.# #$# ..


You could see Sigmund and an endoplasm.

Vanquished Creatures
  2 dart slugs (D:1)
  A ribbon worm (D:2)
  7 ball pythons
  5 endoplasms
  3 giant cockroaches
  6 goblins
  4 hobgoblins
  5 kobolds
  2 quokkas (D:1)
  5 bats
  3 frilled lizards
  5 rats
48 creatures vanquished.

Notes
Turn   | Place    | Note
-------+----------+-------------------------------------------
     0 | D:1      | qw the Spriggan Hunter began the quest for the Orb.
     0 | D:1      | Reached XP level 1. HP: 10/10 MP: 2/2
     0 | D:1      | 0 ||| qw: Version: 0.3-a-155-g5e7d8dd
     0 | D:1      | 0 ||| qw: Game counter: 1670
     0 | D:1      | 0 ||| qw: Melee chars always use a shield: true
     0 | D:1      | 0 ||| qw: God list: Okawaru
     0 | D:1      | 0 ||| qw: Allow faded altars: false
     0 | D:1      | 0 ||| qw: Do Orc after clearing Dungeon:15 true
     0 | D:1      | 0 ||| qw: Do second Lair branch before Depths: true
     0 | D:1      | 0 ||| qw: Lair rune preference: random
     0 | D:1      | 0 ||| qw: Goals: Normal
     0 | D:1      | 0 ||| PLANNING D:1-11
    44 | D:1      | Reached skill level 3 in Dodging
    81 | D:1      | Reached XP level 2. HP: 14/14 MP: 3/3
   217 | D:1      | Reached XP level 3. HP: 18/18 MP: 4/4
   767 | D:1      | 767 ||| READING scroll labelled MURUK GUATUNG.
   768 | D:1      | 768 ||| READING scroll labelled VUROTZ ZAAZ.
   769 | D:1      | 769 ||| READING scroll labelled MAURPH CUOJA.
   769 | D:1      | 769 ||| IDENTIFYING glowing grey potion
   770 | D:1      | 770 ||| DROPPING scroll of butterflies.
  1224 | D:2      | Noticed Sigmund
  1225 | D:2      | 1225 ||| DRINKING potion of haste.
  1232 | D:2      | Reached skill level 5 in Ranged Weapons
  1244 | D:2      | Slain by Sigmund

Levels and vault maps discovered:
D:1:      moated_graveyard_arrival, layout_basic, minmay_tetromino_i4
D:2:      minmay_recursive_quarters, layout_loops_ring,
          dreamdust_ecumenical_altar_angels_and_demons, uniq_sigmund

Skill      XL: |  1  2  3 |
---------------+----------+-----
Dodging        | 3 4 |  4.1
Ranged Weapons | 5 |  5.0
Fighting       | |  1.5
Stealth        | |  1.5

Action                     || total
---------------------------++-------
   Fire: Shortbow          ||   121
    Use: Scroll            ||     3
         Potion            ||     1
 Armour: Robe              ||    16
  Dodge: Dodged            ||    45

Table legend:
 A = Non-vault XP
 B = Vault XP
 C = Vault XP percentage of total XP
 D = Non-vault monster count
 E = Vault monster count
 F = Vault count percentage of total count
                 A         B        C        D         E       F
            +---------+---------+-------+---------+---------+-------
      Total |      74 |      16 |  17.8 |      41 |       7 |  14.6
            +---------+---------+-------+---------+---------+-------
        D:1 |      54 |       8 |  12.9 |      29 |       4 |  12.1
        D:2 |      20 |       8 |  28.6 |      12 |       3 |  20.0
            +---------+---------+-------+---------+---------+-------
